 Dungeon Crawl Stone Soup version 0.18-a0-1157-g59db91b (webtiles) character file.

109 st0uf the Sneak (level 4, 0/30 HPs)
             Began as an Octopode Assassin on Jan 23, 2016.
             Succumbed to Ijyb's poison
             ... on level 1 of the Dungeon.
             The game lasted 00:06:09 (1266 turns).

st0uf the Sneak (Octopode Assassin)                 Turns: 1266, Time: 00:06:09

Health: 0/30       AC:  1    Str: 10    XL:     4   Next: 90%
Magic:  4/4        EV: 12    Int: 13    God:
Gold:   103        SH:  0    Dex: 14    Spells: 0 memorised, 3 levels left

rFire  . . .     SeeInvis .     a - +2 dagger
rCold  . . .     Gourm    .     (no shield)
rNeg   . . .     Faith    .     (helmet restricted)
rPois  .         Spirit   .     (no amulet)
rElec  .         Dismiss  .     (no ring)
rCorr  .         Reflect  .     (no ring)
SustAt .         Harm     .     (no ring)
MR     .....                    (no ring)
Stlth  +++++.....               (no ring)
                                (no ring)
                                (no ring)
                                (no ring)

@: lethally poisoned (0 -> -21), very slightly contaminated, hasted, invisible,
very quick, not resistant to hostile enchantments, quite stealthy
A: almost no armour, amphibious, 8 rings, constrict 8, camouflage 1, gelatinous
body 1
a: no special abilities


You were on level 1 of the Dungeon.
You were not hungry.

You visited 1 branch of the dungeon, and saw 2 of its levels.

You collected 103 gold pieces.

Inventory:

Hand Weapons
 a - a +2 dagger (weapon)
 b - a +0 blowgun
 e - a +4 dagger of venom
Missiles
 c - 8 poisoned needles
 d - 2 curare-tipped needles
 g - 5 javelins (quivered)
Scrolls
 i - 2 scrolls of recharging {unknown}
 l - 3 scrolls of identify {unknown}
 m - a scroll of enchant armour {unknown}
 n - a scroll of remove curse {unknown}
Comestibles
 f - a bread ration
 h - 2 chunks of flesh
 k - a slice of pizza
 o - a meat ration


   Skills:
 + Level 2.5 Fighting
 + Level 2.2 Short Blades
 + Level 2.1 Throwing
 + Level 1.3 Dodging
 + Level 7.6 Stealth


You had 3 spell levels left.
You didn't know any spells.

Dungeon Overview and Level Annotations

Branches:
Dungeon (2/15)

Altars:

Annotations:
D:2 Terence


Innate Abilities, Weirdness & Mutations

You cannot wear most types of armour.
You are amphibious.
You can wear up to eight rings at the same time.
You can use your tentacles to constrict eight enemies at once.
Your skin changes colour to match your surroundings (Stealth).
Your rubbery body absorbs attacks (AC +1).


Message History

Drink which item? (? for menu, Esc to quit)
It was a potion of invisibility.
You fade into invisibility!
* * * LOW HITPOINT WARNING * * *
You feel sick.
* * * LOW HITPOINT WARNING * * *
You feel sick.
You see here a dagger of venom.
e - a dagger of venom
* * * LOW HITPOINT WARNING * * *
You feel sick.
You aren't carrying any pieces of jewellery.
Read which item? (? for menu, Esc to quit)
Okay, then.
There is a lethal amount of poison in your body!
There is a lethal amount of poison in your body!
There is a lethal amount of poison in your body!
* * * LOW HITPOINT WARNING * * *
You feel sick.
You die...

#....#.....(##..#.#########
####.#..........#.#.)#
#######.#.###..###[#)#..#
#.......#.#......#.#.#..#
#................#...#..#
###########....#...#...#..#
...............#...#.#.#..#
############.....>.#.#....####
##..............@..#.####....#
##.#############...#.# ####.#
##.# #........#.#######>#
##.########.####.#.#.#..)....#
............# #.#.#.#.#######
##'########## #.#.#.#.# ....#
#.#(..#.# ....# #.###.#.#
....# #.#####.#


There were no monsters in sight!

Vanquished Creatures
  Ijyb (D:1)
  5 adders (D:2)
  A giant gecko (D:1)
  4 giant cockroaches
  3 goblins (D:1)
  3 hobgoblins
  3 jackals (D:1)
  3 ball pythons
  7 bats
  5 kobolds
  5 rats
40 creatures vanquished.

Notes
Turn   | Place    | Note
--------------------------------------------------------------
     0 | D:1      | st0uf the Octopode Assassin began the quest for the Orb.
     0 | D:1      | Reached XP level 1. HP: 14/14 MP: 1/1
   147 | D:1      | Reached XP level 2. HP: 14/19 MP: 2/2
   501 | D:1      | Reached skill level 6 in Stealth
   667 | D:1      | Reached XP level 3. HP: 24/24 MP: 3/3
  1209 | D:2      | Reached skill level 7 in Stealth
  1209 | D:2      | Reached XP level 4. HP: 30/30 MP: 4/4
  1231 | D:2      | Noticed Ijyb
  1237 | D:2      | Noticed Terence
  1260 | D:1      | Killed Ijyb
  1265 | D:1      | HP: 1/30 [poisoned by Ijyb]
  1266 | D:1      | Succumbed to Ijyb's poison

Vault maps used:
D:1:      saegor_arrival_simple_c
D:2:      uniq_terence, uniq_iyjb

Action                   |  1- 3 |  4- 6 || total
-------------------------+-------+-------++-------
Melee: Dagger            |    65 |    12 ||    77
  Use: Potion            |       |     2 ||     2
 Stab: Sleeping          |    15 |     3 ||    18
       Distracted        |     1 |       ||     1
  Eat: Chunk             |     1 |       ||     1
